 Dungeon Crawl Stone Soup version 0.29.1-15-g9cfb28693d (webtiles) character file.

Game seed: 9147415067030342307

704 hawla the Cudgeller (level 8, -1/57 HPs)
             Began as a Meteoran Ice Elementalist on Apr 13, 2023.
             Splashed by a jelly's acid (3 damage)
             ... on level 6 of the Dungeon.
             The game lasted 00:07:46 (1715 turns).

hawla the Cudgeller (Meteoran Ice Elementalist)     Turns: 1715, Time: 00:07:47

Health: -1/57      AC:  3    Str:  9    XL:     8   Next: 19%
Magic:  0/14       EV: 12    Int: 23    God:
Gold:   106        SH:  0    Dex: 13    Spells: 6/14 levels left

rFire   + . .      SeeInvis .   p - +8 whip "Noupih Emoq" {freeze, Stlth+}
rCold   + . .      Faith    .   (no shield)
rNeg    . . .      Spirit   .   a - +0 robe
rPois   +          Reflect  .   (no helmet)
rElec   +          Harm     .   (no cloak)
rCorr   +          Rampage  .   (no gloves)
Will    +....                   g - +0 pair of boots
Stlth   +.........              (no amulet)
HPRegen 0.19/turn               (no ring)
MPRegen 0.14/turn               (no ring)

@: resistant, attractive, glowing
A: sense surroundings 2, otherworldly, glowing, explore regen, clever 1
a: no special abilities


You were on level 6 of the Dungeon.
You visited 1 branch of the dungeon, and saw 6 of its levels.

You collected 106 gold pieces.

Inventory:

Hand Weapons
 f - a +2 dagger of venom
 p - the +8 whip "Noupih Emoq" (weapon) {freeze, Stlth+}
   (You took it off a hobgoblin on level 2 of the Dungeon)

   It freezes those it strikes, dealing additional cold damage.
   It can also slow down cold-blooded creatures.
   Stlth:     It makes you more stealthy.
 v - a +0 long sword
Armour
 a - a +0 robe (worn)
 g - a +0 pair of boots (worn)
 w - a +0 helmet
Scrolls
 i - 6 scrolls of identify
 j - a scroll of fear {unknown}
 l - a scroll of magic mapping {unknown}
 m - a scroll of noise {unknown}
 q - a scroll of teleportation {unknown}
 r - 3 scrolls of blinking {unknown}
 u - a scroll of summoning {unknown}
Potions
 c - a potion of haste
 d - 2 potions of attraction
 e - 3 potions of curing
 k - a potion of resistance
 n - a potion of brilliance {unknown}
 o - a potion of lignification {unknown}
 s - a potion of heal wounds {unknown}
 t - a potion of degeneration {unknown}


   Skills:
 - Level 0.1 Fighting
 + Level 6.9 Maces & Flails
 - Level 2.7 Dodging
 - Level 1.4 Stealth
 - Level 3.6 Spellcasting
 + Level 5.2 Conjurations
 - Level 5.6 Ice Magic


You had 6 spell levels left.
You knew the following spells:

 Your Spells              Type           Power      Damage    Failure   Level
a - Freeze                Ice            100%       1d11      1%          1
b - Frozen Ramparts       Ice            60%        1d10      3%          3
c - Hailstorm             Conj/Ice       29%        3d8       12%         4

Your spell library contained the following spells:

 Spells                   Type           Power      Damage    Failure   Level
 Ozocubu's Armour         Ice            30%        N/A       3%          3


Dungeon Overview and Level Annotations

Branches:
Dungeon (6/15) Zot: 1903
 Temple: D:4-7

Altars:
Ashenzari
Cheibriados
Dithmenos
Makhleb
Uskayaw
Yredelemnul
Zin

Annotations:
D:4 Menkaure
D:5 dig


Innate Abilities, Weirdness & Mutations

You passively map the area around you.
You are easily found by Zot.
You glow in the dark.
You regain HP and MP as you explore.
Your mind is acute. (Int +4, Str/Dex -1)


Message History

The white imp gestures at you. The puff of frost hits you!
Casting: Freeze (safe; 1% risk of failure)
Confirm with . or Enter, or press ? or * to list all spells.
Aiming: Freeze (safe; 1% risk of failure)
Press: ? - help, Shift-Dir - straight line, f - white imp
Aim: a white imp You freeze the white imp.
The white imp resists.
The white imp is lightly wounded.
The jelly hits you but does no damage. The white imp completely misses you.
Your magical contamination has completely faded away.
Casting: Freeze (safe; 1% risk of failure)
Confirm with . or Enter, or press ? or * to list all spells.
Aiming: Freeze (safe; 1% risk of failure)
Press: ? - help, Shift-Dir - straight line, f/p - white imp
Aim: a white imp (lightly wounded)
You freeze the white imp.
The white imp resists.
The white imp is moderately wounded.
The jelly barely misses you.
The white imp hits you but does no damage.
It was a potion of attraction.
You feel attractive to monsters. The jelly hits you.
You are splashed with acid!
The white imp closely misses you. The orc is attracted toward you.
It was a potion of mutation.
You feel extremely strange.
Your attunement to dungeon structure grows.
You feel clever. The jelly hits you.
You are splashed with acid.
* * * LOW HITPOINT WARNING * * *
The white imp gestures at you. The puff of frost hits you!
* * * LOW HITPOINT WARNING * * *
The orc is engulfed in poison gas.
The orc is poisoned.
The orc is attracted toward you.
It was a potion of resistance.
You feel protected. The jelly hits you.
* * * LOW HITPOINT WARNING * * *
You are splashed with acid.
You resist.
You die...

, , * * ,* , , , , ,,
,§§§#☼§§§§§§§§#☼ , , , , *
, ~ §§§§§§§§§§§☼§§§ , ,
~≈.§§§§§§☼☼§§§§☼☼.... _
≈.☼§§§§§§§§§§§##§... , ~
≈.§§§§§§☼§§§§§§§§.... ,
~≈.§§§§§☼☼§☼§§§§§§...#.. **
~~,~≈.§§§§§§§5J§☼§☼§§!....#
, ,≈§§§§§§§o@§§§§§§§....#
,8 ≈.§§§§§§§§§§☼§§§§....#
..§§§☼☼§§§§§§§§§§...#*
..☼§§§§§§§##§§§§§...#
..☼§§§☼§§§###§§§§...#
..§§§§§§§§##.§§§§...#
..§☼§§§§§§##.#§☼§...## ,,
..§§§§§§§§§....§§....# * *
.....................#


You could see a jelly, a white imp and an orc (poisoned).

Vanquished Creatures
  Grinder (D:3)
  2 centaurs (D:5)
  A howler monkey (D:6)
  2 jellies
  An orc priest (D:3)
  Terence (D:3)
  2 iguanas
  2 orc wizards
  4 adders
  A white imp (D:3)
  2 worms
  7 orcs
  2 endoplasms (D:2)
  A giant cockroach (D:2)
  3 hobgoblins (D:2)
  A quokka (D:2)
  2 ball pythons
  4 bats
  3 goblins
  4 kobolds
  2 rats (D:2)
48 creatures vanquished.

Notes
Turn   | Place    | Note
-------+----------+-------------------------------------------
     0 | D:1      | hawla the Meteoran Ice Elementalist began the quest for the
                  | Orb.
     0 | D:1      | Reached XP level 1. HP: 14/14 MP: 5/5
    42 | D:2      | Noticed an iguana
    51 | D:2      | Killed an iguana
    52 | D:2      | Reached skill level 5 in Ice Magic
    52 | D:2      | Reached XP level 2. HP: 11/20 MP: 4/7
    52 | D:2      | Reached XP level 3. HP: 14/26 MP: 4/8
    56 | D:2      | Learned a level 3 spell: Frozen Ramparts
   264 | D:3      | Found a burning altar of Makhleb.
   268 | D:3      | Found a snail-covered altar of Cheibriados.
   269 | D:3      | Found a basalt altar of Yredelemnul.
   270 | D:3      | Found a hide-covered altar of Uskayaw.
   273 | D:3      | Found a glowing silver altar of Zin.
   274 | D:3      | Found a broken altar of Ashenzari.
   276 | D:3      | Found a shadowy altar of Dithmenos.
   340 | D:3      | Noticed Terence
   350 | D:3      | Reached XP level 4. HP: 17/33 MP: 0/9
   353 | D:3      | Killed Terence
   429 | D:3      | Noticed Grinder
   440 | D:2      | Learned a level 4 spell: Hailstorm
   562 | D:2      | Reached XP level 5. HP: 38/38 MP: 11/11
   591 | D:2      | Reached skill level 1 in Conjurations
   596 | D:2      | Identified the +8 whip "Noupih Emoq" {freeze, Stlth+}
   721 | D:3      | Reached skill level 1 in Maces & Flails
   726 | D:3      | Paralysed by Grinder for 2 turns
  1141 | D:3      | Killed Grinder
  1142 | D:3      | Reached skill level 4 in Maces & Flails
  1142 | D:3      | Reached XP level 6. HP: 26/45 MP: 4/12
  1142 | D:3      | Reached XP level 7. HP: 29/50 MP: 4/13
  1400 | D:3      | Reached skill level 5 in Maces & Flails
  1412 | D:4      | Noticed Menkaure
  1453 | D:3      | You fall into a shaft and drop 2 floors!
  1453 | D:5      | Entered Level 5 of the Dungeon
  1644 | D:5      | Reached skill level 6 in Maces & Flails
  1644 | D:5      | Reached XP level 8. HP: 22/57 MP: 6/14
  1694 | D:6      | Reached skill level 5 in Conjurations
  1714 | D:6      | Gained mutation: You passively map the area around you.
                  | [potion of mutation]
  1714 | D:6      | Gained mutation: Your mind is acute. (Int +4, Str/Dex -1)
                  | [potion of mutation]
  1715 | D:6      | HP: 2/57 [jelly (1)]
  1715 | D:6      | Splashed by a jelly's acid

Illustrated notes

Levels and vault maps discovered:
D:1:      spicycebolla_arrival_xxxplode, layout_loops_ring,
          basic_ecumenical_altar
D:2:      layout_loops_ring
D:3:      layout_rooms, nicolae_overflow_hallway_of_the_gods, uniq_grinder,
          uniq_terence
D:4:      layout_rooms, uniq_menkaure
D:5:      layout_basic, nicolae_concentric_dashed_squares_wild, abandoned_shop,
          due_unseen_surprise
D:6:      layout_rooms, mainiacjoe_overflow_catwalk, temple_green,
          kennysheep_small_square

Skill      XL: |  1  2  3  4  5  6  7  8 |
---------------+-------------------------+-----
Spellcasting   | 3 |  3.6
Ice Magic      | 5 |  5.6
Conjurations   | 3 4 5 |  5.2
Maces & Flails | 4 6 |  6.9
Fighting       | |  0.1
Dodging        | |  2.7
Stealth        | |  1.4

Action                   |  1- 3 |  4- 6 |  7- 9 || total
-------------------------+-------+-------+-------++-------
Melee: Dagger            |     3 |    25 |       ||    28
       Unarmed           |     1 |       |       ||     1
       Whip              |       |    21 |    12 ||    33
 Cast: Freeze            |    16 |     8 |    21 ||    45
       Frozen Ramparts   |     6 |     1 |     3 ||    10
       Hailstorm         |       |     4 |     2 ||     6
  Use: Potion            |     1 |     2 |     3 ||     6
       Scroll            |     2 |       |     1 ||     3
Armor: Robe              |     2 |    23 |     8 ||    33
Dodge: Dodged            |     8 |    27 |    20 ||    55
